 Dungeon Crawl Stone Soup version 0.27.1-16-g815e20cd7a (webtiles) character file.

Game seed: 8988430552559991895

60 TheCrusader the Chopper (level 4, 0/36 HPs)
             Began as a Hill Orc Monk on Nov 24, 2021.
             Was a Priest of Hepliaklqana.
             Succumbed to an adder's poison
             ... on level 2 of the Dungeon.
             The game lasted 00:07:11 (1635 turns).

TheCrusader the Chopper (Hill Orc Monk)             Turns: 1635, Time: 00:07:11

Health: 0/36       AC:  6    Str: 14    XL:     4   Next: 6%
Magic:  4/4        EV: 10    Int: 10    God:    Hepliaklqana [***...]
Gold:   42         SH:  0    Dex: 13    Spells: 3/3 levels left

rFire    . . .     SeeInvis .   a - +0 hand axe
rCold    . . .     Faith    .   (no shield)
rNeg     . . .     Spirit   .   d - +0 scale mail
rPois    .         Reflect  .   (no helmet)
rElec    .         Harm     .   (no cloak)
rCorr    .         Rampage  .   (no gloves)
Will     .....                  (no boots)
Stlth    ..........             (no amulet)
HPRegen  0.12/turn              (no ring)
MPRegen  0.09/turn              (no ring)

@: lethally poisoned (0 -> -8)
A: reduced essence
a: Renounce Religion, Ancestor Life: Knight, Ancestor Life: Battlemage, Ancestor
Life: Hexer, Recall Ancestor, Ancestor Identity, Transference


You were on level 2 of the Dungeon.
You worshipped Hepliaklqana.
Hepliaklqana was most pleased with you.
You visited 1 branch of the dungeon, and saw 2 of its levels.

You collected 42 gold pieces.

Inventory:

Hand Weapons
 a - a +0 hand axe (weapon)
Armour
 b - a +0 robe
 d - a +0 scale mail (worn)
Scrolls
 c - a scroll of holy word {unknown}
 e - a scroll of enchant weapon {unknown}
 f - a scroll of vulnerability {unknown}
Potions
 g - a potion of attraction {unknown}


   Skills:
 + Level 4.2 Fighting
 + Level 5.1 Axes
 + Level 1.0 Armour
 + Level 2.8 Dodging
 - Level 1.5 Stealth


You had 3 spell levels left.
You didn't know any spells.
Your spell library contained the following spells:

 Spells                   Type           Power      Damage    Failure   Level
 Gell's Gravitas          Tloc           0%         N/A       99%         3
 Lesser Beckoning         Tloc           0%         N/A       99%         3
 Teleport Other           Tloc           0%         N/A       99%         3


Dungeon Overview and Level Annotations

Branches:
Dungeon (2/15)

Altars:
Hepliaklqana


Message History

The adder is severely wounded.
The adder closely misses you.
You hit the adder.
The adder is severely wounded.
The adder bites you.
You are poisoned.
The adder poisons you! The adder bites you but does no damage.
You closely miss the adder.
The adder is severely wounded.
You feel sick. The adder bites you.
You are more poisoned.
The adder poisons you!
You hit the adder.
The adder is almost dead.
You feel sick. The adder bites you.
You hit the adder but do no damage.
The adder is almost dead.
You feel sick. The adder closely misses you. The adder bites you.
You barely miss the adder.
The adder is almost dead.
You feel sick. The adder bites you.
You are more poisoned.
The adder poisons you!
You hit the adder but do no damage.
The adder is almost dead.
You feel sick. The adder bites you but does no damage.
You hit the adder but do no damage.
The adder is almost dead.
You feel sick. The adder bites you.
* * * LOW HITPOINT WARNING * * *
You are more poisoned.
The adder poisons you! The adder barely misses you.
You miss the adder.
The adder is almost dead.
* * * LOW HITPOINT WARNING * * *
You feel sick. The adder bites you but does no damage.
* * * LOW HITPOINT WARNING * * *
You feel sick.
Star Platinum misses the adder.
It was a potion of magic.
Magic courses through your body.
You die...

#.#.# #.#.#
#...# ##...##
##..)..#
##......#
###.......#
####.......###
####.#@####...#
#....SR# #####
#....### ##.#.
# #. #. .. ..
.#


You could see the friendly Star Platinum the ancestor and an adder (ally
target).

Vanquished Creatures
  Natasha (D:2)
  An adder (D:2)
  3 endoplasms
  A giant cockroach (D:1)
  3 goblins
  3 jackals (D:2)
  3 ball pythons
  3 bats
  A frilled lizard (D:1)
  A kobold (D:1)
  4 rats
24 creatures vanquished.

Vanquished Creatures (collateral kills)
  A hobgoblin (D:1)
  A jackal (D:2)
2 creatures vanquished.

Grand Total: 26 creatures vanquished

Notes
Turn   | Place    | Note
-------+----------+-------------------------------------------
     0 | D:1      | TheCrusader the Hill Orc Monk began the quest for the Orb.
     0 | D:1      | Reached XP level 1. HP: 19/19 MP: 1/1
    78 | D:1      | Reached XP level 2. HP: 14/27 MP: 2/2
   806 | D:1      | Found a faded altar of an unknown god.
   820 | D:1      | Became a worshipper of Hepliaklqana the Forgotten
   820 | D:1      | Reached * piety under Hepliaklqana
   820 | D:1      | Reached ** piety under Hepliaklqana
  1068 | D:2      | Noticed Natasha
  1078 | D:2      | Noticed a crimson imp
  1079 | D:2      | Killed Natasha
  1080 | D:2      | Reached XP level 3. HP: 11/29 MP: 3/3
  1499 | D:2      | Reached skill level 5 in Axes
  1510 | D:2      | Reached *** piety under Hepliaklqana
  1557 | D:2      | Reached skill level 1 in Armour
  1557 | D:2      | Reached XP level 4. HP: 29/36 MP: 4/4
  1634 | D:2      | HP: 1/36 [poisoned by an adder]
  1635 | D:2      | Succumbed to an adder's poison

Illustrated notes

Levels and vault maps discovered:
D:1:      saegor_arrival_simple_e, layout_basic,
          ebering_ecumenical_altar_abandoned, minmay_pentomino_s4
D:2:      kb_forest_paths, layout_loops_ring, uniq_natasha

Skill      XL: |  1  2  3 |
---------------+----------+-----
Fighting       | 4 |  4.2
Axes           | 5 |  5.1
Armour         | 1 |  1.0
Dodging        | |  2.8
Stealth        | |  1.5

Action                   |  1- 3 |  4- 6 || total
-------------------------+-------+-------++-------
Melee: Hand axe          |    74 |    15 ||    89
Invok: Ancestor Identity |       |     1 ||     1
  Use: Potion            |       |     1 ||     1
Armor: Robe              |     8 |       ||     8
       Scale mail        |    35 |     9 ||    44
Dodge: Dodged            |    67 |    10 ||    77
